nyob, neutral male human Barbarian --------- ------------- ------- |.......| |.......|...| |.....|. --------- ----.......-------...........| |--...-|- |.......| |..........................-|- --.......| |......------- |--....%......<.........(..|. |.......-- |..--).).....-----............@......*..(...|. |.-..---- --..--.-----........|...........(.........--| |-..-- --..--..| -----------...(..............---.----------..-- |...--.| |...^..........---.....(..........-- ----..----- -----..[.....--- ------------...--| |.........-- ---------- ---...-- ----- --.....---..-- -------- --...---...-- ----..|.^-- --..--------------------- --......-- ---........| ---....----- --..|..............^...--- |........| |.......-- |.......| --......................-.. --......-| |--..---- ---.--.-- ----.................--- ------..------...-- |....*.. |...............|%.| ..-...........| ------ -------------------- ------------- nyob the Brigand Experience level: 10 Strength: 18 Dexterity: 17 Constitution: 18 Intelligence: 7 Wisdom: 7 Charisma: 6 Health: 101(103) Energy: 35(35) Def: 10 Gold: 0 Moves: 5853 Dungeon seed: CJ_PNUSVWL4q1I7P Game ID: nyob_1522179363 Your Inventory: Weapons a - a +0 two-handed sword (weapon in hands) b - a blessed +0 axe o - a +1 dagger (in quiver) Armor r - an uncursed +0 set of white dragon scales z - an uncursed +0 pair of iron shoes (being worn) K - an uncursed +0 dwarvish iron helm (being worn) T - an uncursed +0 dwarvish mithril-coat (being worn) Comestibles m - 2 uncursed cram rations C - 5 uncursed food rations Scrolls x - 2 uncursed scrolls of blank paper A - a blessed scroll of blank paper Wands g - a wand of slow monster (0:3) O - a wand of magic missile (0:7) Tools k - an uncursed blindfold l - 15 uncursed tallow candles (0:200) t - an uncursed lock pick H - a cursed magic lamp I - an uncursed sack L - a +0 pick-axe Gems e - 3 uncursed worthless pieces of orange glass j - an uncursed topaz stone n - 3 uncursed worthless pieces of black glass q - 4 uncursed worthless pieces of white glass s - an uncursed sapphire v - an uncursed amber stone w - 5 uncursed worthless pieces of red glass y - 5 uncursed worthless pieces of violet glass F - an uncursed obsidian stone G - an uncursed luckstone named touchstone M - an uncursed citrine stone N - 2 uncursed emeralds P - 3 uncursed worthless pieces of green glass Q - 6 uncursed worthless pieces of yellowish brown glass R - 2 uncursed flint stones S - 2 uncursed amethyst stones U - an uncursed diamond Y - 2 uncursed rubies Spells and supernatural/magical abilities: Name Level Category Fail Memory W - pray for help -- divine ? -- Your skills at the end: Fighting Skills bare handed combat [Basic] Weapon Skills axe [Expert] two-handed sword [Skilled] Spellcasting Skills Final Attributes: You were piously aligned. You were poison resistant. You were lucky. You had extra luck. Bad luck did not time out for you. Good luck did not time out for you. You are dead. Vanquished creatures: a white dragon a disenchanter a ghost a large mimic 3 small mimics a pyrolisk a large dog a dwarf king a mountain centaur a quivering blob a cockatrice a giant spider 3 gnome kings a Green-elf 2 lizards a dog a quasit a mountain nymph a pony 2 shriekers 2 violet fungi 11 gnome lords 7 gnomish wizards a red naga hatchling a paper golem 2 giant ants a floating eye 16 dwarves a kobold lord a kobold shaman 6 hill orcs 2 giant bats 2 werejackals an iguana 2 acid blobs 2 coyotes 8 hobbits 2 large kobolds a giant rat a brown mold 62 gnomes a gnome zombie 2 geckos 9 jackals a kobold a goblin 4 sewer rats 6 grid bugs 2 lichens 3 newts 187 creatures vanquished. Voluntary challenges: You were an atheist. You used a wielded weapon 300 times, starting on turn 38. You read items or engraved 10 times, starting on turn 399. You never genocided any monsters. You never polymorphed an object. You changed form 1 time, starting on turn 400. You used no wishes. You never split a pudding. You wrote Elbereth's name 2 times, starting on turn 1547. You never violated your personal moral code. Dungeon overview: The Dungeons of Doom: levels 1 to 2 Level 1 a long staircase Level 2 stairs to The Gnomish Mines The Gnomish Mines: levels 3 to 10 Level 3 stairs to The Dungeons of Doom Level 4 Level 5 many shops, a temple to Set, some fountains Level 6 Level 7 Level 8 Level 9 Level 10 <- You were here History has recorded: On T:1 you entered the Dungeons of Doom to retrieve the Amulet of Yendor! On T:794 you advanced to experience level 2. On T:815 you reached level 1 of The Gnomish Mines. On T:888 you advanced to experience level 3. On T:974 you advanced to experience level 4. On T:1357 you advanced to experience level 5. On T:1473 you reached level 2 of The Gnomish Mines. On T:1925 you advanced to experience level 6. On T:2213 you reached level 3 of The Gnomish Mines. On T:3109 you reached level 4 of The Gnomish Mines. On T:3201 you advanced to experience level 7. On T:3480 you reached level 5 of The Gnomish Mines. On T:3785 you reached level 6 of The Gnomish Mines. On T:4179 you reached level 7 of The Gnomish Mines. On T:4464 you advanced to experience level 8. On T:4516 you reached level 8 of The Gnomish Mines. Score breakdown: Gold: 0 ( 0 points) Experience: 10 levels (16712 points) Exploration: 10 levels ( 20.41%) (12990 points) Discoveries: 18 items ( 7.35%) ( 8131 points) Valuables value: (no points given unless you survive) Artifact value: 0 ( 0 points) Variety of kills: 50 monsters ( 13.12%) (10867 points) Turncount: 5853 turns (-1587 points) Survival: died (score multiplied by 80%) Total score: 37690 Latest messages: You succeed in picking the lock. The door opens. You hear a jackal howling at the moon. You smite the werejackal! The werejackal hits! You kill the werejackal! You see here a gray stone. Thump! Ouch! That hurts! Your movements are slowed slightly because of your load. Your leg feels somewhat better. Your movements are now unencumbered. You smite the cockatrice! The cockatrice bites! The cockatrice touches you! You hear the cockatrice's hissing! You are slowing down. You kill the cockatrice! Your limbs are stiffening. You see here a cockatrice corpse. Your limbs have turned to stone. You have turned to stone. You are a statue. Final status: Goodbye nyob the Barbarian, petrified by a cockatrice, while unable to move due to turning to stone... You turned to stone in The Gnomish Mines on dungeon level 10 with 37690 points, and 0 pieces of gold, after 5853 moves. You were level 10 with a maximum of 103 hit points when you turned to stone.